Match 46997876
Unlisted

Match 46997876
End
Panzergrenadier Squad
250 Light Carrier
Selects Armored Support Battlegroup
Panzergrenadier Squad
Panzergrenadier Squad
Construct Light Support Kompanie
Fire Support Elements
Vehicle Survival Package
Flakvierling Half-track
Panzerpioneer Squad
Selects Veteran Gunners
Flakvierling Half-track
Tungsten Core Ammunition
Selects Salvage Kits
Advanced Field Repairs
Construct Panzerarmee Kommand
Selects Flammpanzer III Medium Tank
Selects Battlefield Salvage
Panzer III L Medium Tank
Emergency Repair Kits
Selects Panzer Storm
Panzer III L Medium Tank
Rapid Advance
Panzer III L Medium Tank
Advanced Optics
Panzerpioneer Squad
Panzer III L Medium Tank
Kradschützen Motorcycle Team
Selects Stuka Anti-tank Loiter
Stuka Anti-tank Loiter
Panzer Storm
Battlefield Salvage
Panzer III L Medium Tank
Panzer III L Medium Tank
Kradschützen Motorcycle Team
Assault Mechanized Group
Kradschützen Motorcycle Team
Spaghettiumborn™
Valieriumborn's Daddy
That Animal Blundetto
[82AD] PaulGMax
LW | MUERTE
JT
姬延龙
孤冰月
0
0

Comments sign in to comment!

No comments posted yet!